 Dungeon Crawl Stone Soup version 0.20.1-1-g8b1a95d66d (webtiles) character file.

63 tehanu the Cutter (level 4, -5/43 HPs)
             Began as a Kobold Berserker on Nov 16, 2017.
             Was a Follower of Trog.
             Slain by a hippogriff (6 damage)
             ... on level 3 of the Dungeon.
             The game lasted 00:38:31 (1988 turns).

tehanu the Cutter (Kobold Berserker)                Turns: 1988, Time: 00:38:31

Health: -5/43      AC:  7    Str: 20    XL:     4   Next: 31%
Magic:  4/4        EV: 14    Int:  8    God:    Trog [*.....]
Gold:   156        SH:  0    Dex: 14    Spells: 3/3 levels left

rFire    + . .     SeeInvis .   a - +0 short sword
rCold    x . .     Gourm    .   (shield restricted)
rNeg     . . .     Faith    .   h - +0 ring mail
rPois    .         Spirit   .   (no helmet)
rElec    .         Reflect  .   (no cloak)
rCorr    .         Harm     .   e - +0 pair of gloves
MR       .....                  m - +0 pair of boots
Stlth    ..........             (no amulet)
Regen    0.2/turn               d - ring of fire
MPRegen  0.1/turn               (no ring)

@: berserking, very quick
A: carnivore 3
a: Berserk, Burn Spellbooks, Renounce Religion


You were on level 3 of the Dungeon.
You worshipped Trog.
Trog was aware of your devotion.
You were very full.

You visited 1 branch of the dungeon, and saw 3 of its levels.

You collected 156 gold pieces.

Inventory:

Hand Weapons
 a - a +0 short sword (weapon)
Missiles
 k - 10 poisoned needles
Armour
 e - a +0 pair of gloves (worn)
 h - a +0 ring mail (worn)
 m - a +0 pair of boots (worn)
Jewellery
 b - a +5 ring of strength {unknown}
 d - a ring of fire (left hand)
 f - an uncursed ring of stealth {unknown}
 g - an uncursed ring of see invisible {unknown}
Scrolls
 i - a scroll of fog
Comestibles
 c - 3 meat rations
 j - a royal jelly
 l - 4 chunks of flesh


   Skills:
 + Level 4.0 Fighting
 + Level 5.1 Short Blades
 + Level 2.1 Armour
 + Level 2.8 Dodging


You had 3 spell levels left.
You didn't know any spells.

Dungeon Overview and Level Annotations

Branches:
Dungeon (3/15)

Altars:


Innate Abilities, Weirdness & Mutations

You are small and have problems with some larger weapons.
You are carnivorous and can eat meat at any time.


Message History

A red film seems to cover your vision as you go berserk!
You feel yourself moving faster!
You feel mighty!
You feel quite a bit less full. The hippogriff bites you.
* * * LOW HITPOINT WARNING * * *
The hippogriff pecks you but does no damage.
The hippogriff completely misses you.
You hit the hippogriff but do no damage.
The hippogriff is lightly wounded.
You hit the hippogriff.
The hippogriff is moderately wounded.
The hippogriff misses you. The hippogriff closely misses you.
The hippogriff completely misses you.
You hit the hippogriff.
The hippogriff is moderately wounded.
You barely miss the hippogriff.
The hippogriff is moderately wounded.
The hippogriff bites you.
* * * LOW HITPOINT WARNING * * *
The hippogriff pecks you.
You die...

####+# ......#
....... .......
.......#####
......SH@..#
.......###.#
......# #.#
...... #.# .....
#.# ##### #.#
#.# #+# #.# #.#
#.#########.####


You could see a hippogriff and an adder.

Vanquished Creatures
  3 adders
  An ooze (D:1)
  A worm (D:2)
  A dart slug (D:2)
  6 goblins
  5 hobgoblins
  5 bats
  2 frilled lizards
  3 kobolds
  A leopard gecko zombie (D:3)
  2 rats
30 creatures vanquished.

Notes
Turn   | Place    | Note
-------+----------+-------------------------------------------
     0 | D:1      | tehanu the Kobold Berserker began the quest for the Orb.
     0 | D:1      | Reached XP level 1. HP: 14/14 MP: 1/1
   186 | D:1      | Reached XP level 2. HP: 16/19 MP: 2/2
  1091 | D:2      | Reached XP level 3. HP: 24/24 MP: 3/3
  1456 | D:2      | Reached XP level 4. HP: 29/29 MP: 4/4
  1808 | D:3      | Reached skill level 5 in Short Blades
  1975 | D:3      | Noticed a hippogriff
  1988 | D:3      | HP: 1/43 [hippogriff (4)]
  1988 | D:3      | Slain by a hippogriff

Skill      XL: |  1  2  3  4 |
---------------+-------------+-----
Fighting       | 4 |  4.0
Armour         | 2 |  2.1
Short Blades   | 5 |  5.1
Dodging        | |  2.8

Action                   |  1- 3 |  4- 6 || total
-------------------------+-------+-------++-------
Melee: Short sword       |    92 |    40 ||   132
Invok: Berserk           |     2 |     1 ||     3
  Use: Scroll            |     5 |     2 ||     7
       Potion            |     2 |       ||     2
 Stab: Sleeping          |     1 |       ||     1
  Eat: Chunk             |    11 |     1 ||    12
Armor: Ring mail         |    16 |    16 ||    32
Dodge: Dodged            |    57 |    30 ||    87
